 Dungeon Crawl Stone Soup version 0.30-a0-632-g346586fe48 (webtiles) character file.

Game seed: 17351127112115201046

359 berto the Trooper (level 6, -6/56 HPs)
             Began as a Minotaur Berserker on Jan 13, 2023.
             Was a Priest of Trog.
             Mangled by Edmund
             ... wielding a +5 flail of protection
              (11 damage)
             ... on level 4 of the Dungeon on Jan 14, 2023.
             The game lasted 00:10:59 (3921 turns).

berto the Trooper (Minotaur Berserker)              Turns: 3921, Time: 00:10:59

Health: -6/56      AC:  2    Str: 21    XL:     6   Next: 37%
Magic:  5/5        EV: 12    Int:  6    God:    Trog [***...]
Gold:   171        SH:  0    Dex: 10    Spells: 5/5 levels left

rFire   . . .      SeeInvis .    s - +3 whip (elec)
rCold   . . .      Faith    .    (no shield)
rNeg    . . .      Spirit   .    b - +0 animal skin
rPois   .          Reflect  .    (helmet restricted)
rElec   .          Harm     .    (no cloak)
rCorr   .          Rampage  .    (no gloves)
Will    .....                    (no boots)
Stlth   +                        (no amulet)
HPRegen 0.29/turn                (no ring)
MPRegen 0.09/turn                (no ring)

@: no status effects
A: horns 2, retaliatory headbutt
a: Renounce Religion, Berserk, Trog's Hand


You were on level 4 of the Dungeon.
You worshipped Trog.
Trog was most pleased with you.
You visited 1 branch of the dungeon, and saw 4 of its levels.

You collected 171 gold pieces.

Inventory:

Hand Weapons
 a - a +0 hand axe
 s - a +3 whip of electrocution (weapon)
 u - a +2 mace of protection
Missiles
 o - 5 javelins (quivered)
Armour
 b - a +0 animal skin (worn)
Jewellery
 w - a ring of protection from cold
Scrolls
 f - a scroll of brand weapon {unknown}
 h - 3 scrolls of identify {unknown}
 i - 2 scrolls of amnesia {unknown}
 j - 3 scrolls of vulnerability {unknown}
 k - 2 scrolls of teleportation {unknown}
 m - a scroll of silence {unknown}
 n - a scroll of poison {unknown}
 r - 2 scrolls of summoning {unknown}
 v - a scroll of fear {unknown}
 x - a scroll of immolation {unknown}
 y - 2 scrolls of enchant weapon {unknown}
Potions
 c - a potion of berserk rage {unknown}
 d - 2 potions of degeneration {unknown}
 e - 2 potions of curing {unknown}
 g - a potion of flight {unknown}
 l - a potion of heal wounds {unknown}
 p - a potion of attraction {unknown}
 q - a potion of brilliance {unknown}
 t - a potion of haste {unknown}


   Skills:
 + Level 5.4 Fighting
 - Level 4.6(5.0) Axes
 + Level 2.7(4.1) Maces & Flails
 + Level 4.4 Armour
 + Level 4.0 Dodging


You had 5 spell levels left.
You didn't know any spells.
Your spell library was empty.

Dungeon Overview and Level Annotations

Branches:
Dungeon (4/15)
 Temple: D:4-7

Altars:
Cheibriados

Shops:
D:2 =

Annotations:
D:4 Edmund


Innate Abilities, Weirdness & Mutations

You have a pair of horns on your head.
You reflexively headbutt those who attack you in melee.


Message History

You closely miss something. You headbutt something! You whack something!
Lightning courses through something! Trog accepts your kill.
Trog appreciates your killing of a magic user.
Reactivating autopickup.
You feel a bit more experienced.
Your base Maces & Flails skill increases to level 2!
Your Armour skill increases to level 4!
Your Dodging skill increases to level 4!
You have reached level 6!
You start resting.
HP restored.
Things that are here:
a +0 scythe; a +0 robe
Things that are here:
a +0 scythe; a +0 robe Edmund the Younger comes into view.
He is wielding a +5 flail of protection.
Edmund shouts!
Edmund attacks as you move away!
Edmund hits you with a +5 flail of protection.
Edmund attacks as you move away!
Edmund hits you with a +5 flail of protection!
Edmund says, "People think my brother is the best.
I think he's crazy."
Edmund attacks as you move away!
Edmund hits you with a +5 flail of protection!
Edmund attacks as you move away!
Edmund hits you with a +5 flail of protection!
Things that are here:
a +0 scythe; a +0 robe Edmund attacks as you move away!
Edmund hits you with a +5 flail of protection!
Edmund says, "I'm quite good with sums, too."
Edmund hits you with a +5 flail of protection!
* * * LOW HITPOINT WARNING * * *
Edmund attacks as you move away!
Edmund hits you with a +5 flail of protection.
* * * LOW HITPOINT WARNING * * *
Edmund attacks as you move away!
Edmund hits you with a +5 flail of protection!
You die...

#.##................#
#.##.####...........#
#.##.#..#P....#.#####
#.##.#..#####.#.#
#.##.#......#.#.#
#.##.#.##...#.#.#
#.##.#..##.##.#†#
#.##.#@.[#..#.#.# .#
#.##.#@.##..#...### ..#
#.##.#...)..#.....# ..#
#.##.....#..#.....##'##
#.##.....#..#..........
#.##.#...#~~#..........
#..#.#...####..........
##...#...# .#..........
##..#...#..#..........
#..#......#..........


You could see Edmund.

Vanquished Creatures
  Sigmund (D:4)
  A necrophage (D:4)
  An orc priest (D:3)
  3 adders
  2 dart slugs
  3 orcs (D:3)
  5 ball pythons
  4 endoplasms
  5 giant cockroaches
  12 goblins
  10 hobgoblins
  6 jackals
  A quokka (D:2)
  4 bats
  5 frilled lizards
  4 kobolds
  4 rats
71 creatures vanquished.

Notes
Turn   | Place    | Note
-------+----------+-------------------------------------------
     0 | D:1      | berto the Minotaur Berserker began the quest for the Orb.
     0 | D:1      | Reached XP level 1. HP: 19/19 MP: 0/0
   255 | D:1      | Reached XP level 2. HP: 27/27 MP: 1/1
   475 | D:1      | Reached skill level 4 in Fighting
   960 | D:2      | Found a faded altar of an unknown god.
  1036 | D:2      | Reached XP level 3. HP: 16/33 MP: 2/2
  1183 | D:2      | Found a snail-covered altar of Cheibriados.
  1198 | D:2      | Identified the -2 helmet of Panentheism {Will+ Int+2
                  | Slay+3}
  1252 | D:2      | Reached ** piety under Trog
  1280 | D:2      | Found Wytwal's Jewellery Boutique.
  1673 | D:3      | Reached XP level 4. HP: 18/41 MP: 3/3
  3064 | D:4      | Reached *** piety under Trog
  3090 | D:4      | Reached skill level 1 in Maces & Flails
  3456 | D:4      | Reached XP level 5. HP: 46/47 MP: 4/4
  3683 | D:4      | Reached skill level 5 in Fighting
  3772 | D:4      | Noticed Sigmund
  3782 | D:4      | Killed Sigmund
  3783 | D:4      | Reached XP level 6. HP: 25/56 MP: 5/5
  3901 | D:4      | Noticed Edmund
  3921 | D:4      | Mangled by Edmund

Illustrated notes

Levels and vault maps discovered:
D:1:      shiori_arrival_maze, layout_basic
D:2:      layout_basic, basic_altar,
          hellmonk_ecumenical_altar_pennies_from_heaven, serial_shops,
          shop_fountains
D:3:      layout_loops_corners
D:4:      layout_gridville, sigmund_edmund_badplayer, uniq_pargi, uniq_grinder

Skill      XL: |  1  2  3  4  5 |
---------------+----------------+-----
Axes           | 4 |  4.6
Fighting       | 4 5 |  5.4
Armour         | 3 4 |  4.4
Dodging        | 3 4 |  4.0
Maces & Flails | 1 2 |  2.7

Action                   |  1- 3 |  4- 6 || total
-------------------------+-------+-------++-------
Melee: Hand axe          |    76 |     3 ||    79
       Headbutt          |    11 |     6 ||    17
       Whip              |       |    63 ||    63
Throw: Javelin           |       |     8 ||     8
 Stab: Sleeping          |       |     1 ||     1
Armor: Animal skin       |     7 |     6 ||    13
Dodge: Dodged            |    36 |    32 ||    68

Table legend: (Time is in decaauts)
 A = Elapsed time spent in this place.
 B = Non-inter-level travel time spent in this place.
 C = Inter-level travel time spent in this place.
 D = Time resting spent in this place.
 E = Time spent auto-exploring this place.
 F = Levels seen in this place.
 G = Mean time per level.
                   A        B        C        D        E       F      G
               +--------+--------+--------+--------+--------+-----+--------+
         Total |   3929 |   3732 |    197 |   1165 |   1933 |   4 |  982.2 |
       Dungeon |   3929 |   3732 |    197 |   1165 |   1933 |   4 |  982.2 |
               +--------+--------+--------+--------+--------+-----+--------+

Top non-repeatable levels by time:
     D:3: 1277 daAuts
     D:2: 973 daAuts
     D:4: 859 daAuts
     D:1: 818 daAuts
